 Dungeon Crawl Stone Soup version 0.18-a0-1468-gaf180a1 (webtiles) character file.

6019 4thArraOfDagon the Spear-Bearer (level 10, -13/79 HPs)
             Began as a Demigod Wanderer on Mar 1, 2016.
             Mangled by an orc warrior
             ... wielding a +0 glaive
              (32 damage)
             ... in a bailey.
             The game lasted 00:34:22 (5571 turns).

4thArraOfDagon the Spear-Bearer (Demigod Wanderer)  Turns: 5571, Time: 00:34:22

Health: -13/79     AC:  6    Str: 18    XL:     10   Next: 31%
Magic:  15/24      EV: 12    Int: 22    God:
Gold:   231        SH:  0    Dex: 14    Spells: 2 memorised, 10 levels left

rFire  + . .     SeeInvis .     O - +8 falchion of the Firefly {elec, rF+ MP+9 Str+2 Int+2}
rCold  + + .     Gourm    .     T - +0 troll leather armour
rNeg   . . .     Faith    .     (no shield)
rPois  .         Spirit   .     (no helmet)
rElec  .         Dismiss  .     F - +0 cloak
rCorr  .         Reflect  .     m - +2 pair of gloves
SustAt +         Harm     +     (no boots)
MR     +....                    K - amulet of harm
Stlth  +.........               (no ring)
                                v - ring of protection from cold

@: somewhat resistant to hostile enchantments, very unstealthy
A: cold resistance 1, deformed body, deterioration 1, dopey 1, high mp 1,
screaming 1, sustain attributes
a: no special abilities


You were in a bailey.
You were not hungry.

You visited 1 branch of the dungeon, and saw 11 of its levels.
You also visited: Ossuary and Bailey.

You collected 375 gold pieces.
You spent 144 gold pieces at shops.

Inventory:

Hand Weapons
 a - a +2 spear
 b - a +0 hand crossbow
 d - a +0 trident
 l - a +1 great sword
 n - a +2 dagger of venom
 r - a +2 scimitar of flaming (quivered) {HYDRASLATER}
 x - a +1 halberd
 O - the +8 falchion of the Firefly (weapon) {elec, rF+ MP+9 Str+2 Int+2}
   (You found it on level 8 of the Dungeon)

   Occasionally, upon striking a foe, it will discharge some electrical energy
   and cause terrible harm.
   It affects your strength (+2).
   It affects your intelligence (+2).
   It protects you from fire.
   It affects your magic capacity (+9).
Missiles
 c - 42 bolts
 p - 5 bolts of frost
 I - 7 curare-tipped needles
 Q - 7 javelins of penetration
Armour
 m - a +2 pair of gloves (worn)
 s - a +0 ring mail of cold resistance
 F - a +0 cloak (worn)
 T - a +0 troll leather armour (worn)
Jewellery
 o - an uncursed ring of teleportation
 v - a ring of protection from cold (left hand)
 K - an amulet of harm (around neck)
Wands
 y - a wand of paralysis (0/24)
 J - a wand of flame (18/48)
 L - a wand of disintegration (0/24)
 M - a wand of digging (0/24)
 N - a wand of acid (0/15)
 P - a wand of iceblast (0/15)
 S - a wand of disintegration (5/24)
Scrolls
 e - 3 scrolls of teleportation
 g - a scroll of immolation
 i - 2 scrolls of remove curse
 q - 4 scrolls of amnesia
Potions
 j - a potion of ambrosia {unknown}
 k - a potion of haste
 t - 3 potions of agility {unknown}
 u - a potion of might {unknown}
 w - a potion of resistance
 B - 3 potions of flight
 C - a potion of magic {unknown}
 D - 3 potions of curing
 E - a potion of brilliance {unknown}
 G - a potion of berserk rage
Comestibles
 f - 10 bread rations
 h - 3 meat rations
 z - a slice of pizza
 A - 13 chunks of flesh


   Skills:
 + Level 4.2 Fighting
 * Level 8.1 Long Blades
 - Level 10.7 Polearms
 - Level 1.0 Throwing
 + Level 3.0 Armour
 - Level 2.1 Dodging
 - Level 1.7 Spellcasting
   Level 1.0 Earth Magic
   Level 1.7 Poison Magic
 - Level 1.0 Evocations


You had 10 spell levels left.
You knew the following spells:

 Your Spells              Type           Power        Failure   Level  Hunger
a - Apportation           Tloc           #.........   21%         1    #......
b - Animate Skeleton      Necr           N/A          21%         1    #......


Dungeon Overview and Level Annotations

Branches:
Dungeon (11/15)              Lair (0/8) D:9
 Temple: D:4-7          Orc: D:9-12

Shops:
D:9 }

Annotations:
D:3 1 exclusion
D:4 Galewind's ghost, amateur SpEn
D:9 4thArraOfDagon's ghost, novice DgWn


Innate Abilities, Weirdness & Mutations

You have an increased reservoir of magic (+10% MP).
Your attributes are resistant to harm.
Your flesh is cold resistant.
Armour fits poorly on your strangely shaped body.
Your body sometimes deteriorates upon taking damage.
You are dopey. (Int -2)
You occasionally shout uncontrollably at your foes.


Message History

You swing at nothing.
You swing at nothing.
You swing at nothing.
An orc warrior opens the door.
The orc knight roars a battlecry!
The orc warrior goes into a battle-frenzy!
You swing at nothing.
The orc warrior shouts!
The orc warrior closely misses you.
You swing at nothing.
The orc warrior closely misses you.
You swing at nothing.
The orc warrior barely misses you.
Wield which item (- for none, * to show all)? (? for menu, Esc to quit)
You hear the crackle of electricity.
O - the +8 falchion of the Firefly (weapon)
{elec, rF+ MP+9 Str+2 Int+2} The orc warrior hits you with a glaive!
* * * LOW HITPOINT WARNING * * *
Unknown command.
Drink which item? (? for menu, Esc to quit)
You feel better.
The orc warrior hits you with a glaive!!
You die...

.##..≈..###..≈≈..##########
..##...# ##..≈≈..........#
≈###### ##..≈≈≈≈≈≈≈≈≈≈.# ##
##..........≈.# ###
##+#############)≈.# $$.
.§§.....##.....##.≈.#
≈≈§≈≈≈≈..##...##).≈.#
≈§§...≈≈..o#.##).≈≈.#
...⌠.oo≈§.@#'#))≈≈.##
..⌠⌠⌠oo§§..#'#.)≈≈.∩#
≈....o§≈..## ##..≈≈.#
≈≈≈≈§≈≈..## ##..≈.#
........## ##.≈.#
#########+###'#########.≈.#
)))).##.....##.).)).....≈.#
≈≈≈≈..##.∩.##..≈≈≈≈≈≈≈≈≈≈.#
...≈≈..## ##..≈≈..........#


You could see 3 orc knights and 2 orc warriors.

Vanquished Creatures
  Erica (D:10)
  Joseph (D:9)
  A centaur skeleton (D:8)
  A troll (D:9)
  A spriggan (D:7)
  3 yaks (D:8)
  A wraith (D:10)
  2 hippogriffs (D:10)
  A porcupine (D:9)
  An orc warrior (Bailey)
  2 black bears
  4 ice beasts
  An eye of draining (D:8)
  3 ogres
  A crocodile (D:9)
  4 centaurs
  3 giant frogs
  3 water moccasin zombies
  4 scorpions
  5 wights (D:9)
  A killer bee (D:7)
  A crimson imp (D:5)
  4 hounds
  8 orc wizards
  2 jellies
  5 orc priests
  Terence (D:2)
  3 hell rats (D:9)
  Natasha (thrice) (D:2)
  5 worker ants
  A big kobold zombie (Ossuary)
  A hound zombie (D:7)
  2 hound skeletons
  2 mummies (Ossuary)
  2 worker ant zombies (D:8)
  7 gnolls
  5 adders
  A river rat (D:9)
  2 oozes
  2 adder zombies (Ossuary)
  An adder skeleton (D:7)
  A dart slug (D:1)
  5 giant geckos
  38 orcs
  5 bats
  A giant cockroach (D:6)
  7 goblins
  6 hobgoblins
  6 jackals
  A quokka (D:2)
  3 giant newts
  A gnoll zombie (Ossuary)
  5 hobgoblin zombies (Ossuary)
  2 kobolds
  6 kobold zombies (Ossuary)
  4 orc zombies (Ossuary)
  10 rats
203 creatures vanquished.

Vanquished Creatures (others)
  An orc wizard (D:6)
  2 orcs
3 creatures vanquished.

Grand Total: 206 creatures vanquished

Notes
Turn   | Place    | Note
--------------------------------------------------------------
     0 | D:1      | 4thArraOfDagon the Demigod Wanderer began the quest for the Orb.
     0 | D:1      | 4thArraOfDagon set off with: a +2 spear, a +0 hand crossbow, 25 bolts, a potion of lignification, a +0 robe, a bread ration
     0 | D:1      | Reached XP level 1. HP: 17/17 MP: 5/5
     0 | D:1      | BLOAX: but only under the right conditions
     0 | D:1      | 4thArraOfDagon: http://www.youtube.com/watch?v=tWt_Eh_JGM4&t=4m0s
     0 | D:1      | BLOAX: which happens to be "going berserk"
     0 | D:1      | 4thArraOfDagon: this is very high pitch or just hard screaming?
     0 | D:1      | BLOAX: it's very stressed screaming
    69 | D:1      | Reached skill level 1 in Polearms
   121 | D:2      | Reached XP level 2. HP: 18/24 MP: 7/7
   153 | D:2      | Found a shadowy altar of Dithmenos.
   187 | D:2      | Found an oddly glowing altar of Pakellas.
   246 | D:2      | Noticed Natasha
   250 | D:2      | Killed Natasha
   250 | D:2      | Reached skill level 2 in Polearms
   250 | D:2      | Reached XP level 3. HP: 21/29 MP: 8/8
   424 | D:2      | Noticed Terence
   521 | D:4      | Reached skill level 3 in Polearms
   521 | D:4      | Reached XP level 4. HP: 17/37 MP: 9/9
   522 | D:4      | Noticed Galewind's ghost (amateur SpEn)
   638 | D:3      | Found a shattered altar of Ashenzari.
   704 | D:2      | Noticed Natasha
   710 | D:2      | Killed Natasha
   718 | D:2      | Killed Terence
   878 | D:2      | Noticed Natasha
   884 | D:2      | Killed Natasha
   884 | D:2      | Reached XP level 5. HP: 29/45 MP: 10/10
  1263 | D:4      | Found a burning altar of Makhleb.
  1263 | D:4      | Noticed a balrug
  1266 | D:4      | Noticed a neqoxec
  1266 | D:4      | Noticed an orange demon
  1352 | D:5      | Entered Level 5 of the Dungeon
  1378 | D:4      | Reached skill level 4 in Polearms
  1383 | D:4      | BLOAX: it would seem like pitch is identifiable by how much low-end there is
  1471 | D:5      | Found a glowing golden altar of the Shining One.
  1693 | D:3      | Found a snail-covered altar of Cheibriados.
  1701 | D:3      | HI BRUH
  1899 | D:4      | Reached XP level 6. HP: 36/51 MP: 11/11
  1940 | D:4      | Learned a level 1 spell: Apportation
  1942 | D:4      | Learned a level 1 spell: Animate Skeleton
  2019 | D:5      | Reached skill level 5 in Polearms
  2180 | D:5      | Found a radiant altar of Vehumet.
  2194 | D:5      | BLOAX: https://www.youtube.com/watch?v=FY6zi0X7Cxw
  2196 | D:5      | Reached skill level 6 in Polearms
  2296 | D:6      | BLOAX: same singer
  2371 | D:6      | Reached XP level 7. HP: 26/57 MP: 12/12
  2406 | D:6      | 4thArraOfDagon: yea
  2406 | D:6      | 4thArraOfDagon: it seems totally different voice
  2550 | D:7      | Gained mutation: You are dopey. (Int -2) [potion of mutation]
  2550 | D:7      | Gained mutation: Your body sometimes deteriorates upon taking damage. [potion of mutation]
  2550 | D:7      | Gained mutation: Your flesh is cold resistant. [potion of mutation]
  2584 | D:6      | BLOAX: https://www.youtube.com/watch?v=mQs9ZU6pF94 yep
  2593 | D:6      | Found a sparkling altar of Nemelex Xobeh.
  2691 | D:6      | 4thArraOfDagon: back to classic
  2738 | D:6      | Reached skill level 7 in Polearms
  2793 | D:7      | WHATS WRONG
  2887 | D:7      | Reached skill level 8 in Polearms
  2898 | D:7      | Found a sand-covered staircase.
  2901 | D:7      | F
  2927 | Ossuary  | Entered an ossuary
  3145 | Ossuary  | Reached XP level 8. HP: 63/63 MP: 13/13
  3347 | D:7      | Reached skill level 9 in Polearms
  3507 | D:8      | Reached skill level 10 in Polearms
  3904 | D:8      | Found a white marble altar of Elyvilon.
  3966 | D:7      | Reached skill level 1 in Dodging
  4031 | D:7      | Gained mutation: You occasionally shout uncontrollably at your foes. [potion of mutation]
  4031 | D:7      | Gained mutation: Armour fits poorly on your strangely shaped body. [potion of mutation]
  4067 | D:7      | Reached XP level 9. HP: 36/71 MP: 14/14
  4078 | D:7      | BLOAX: this character seems like a good candidate for doing_it
  4140 | D:8      | 4thArraOfDagon: im not having
  4140 | D:8      | 4thArraOfDagon: seal of RNG approval yet
  4290 | D:9      | Found Hamonn's Quality Used Wands.
  4305 | D:9      | Bought a wand of disintegration (0/24) for 48 gold pieces
  4305 | D:9      | Bought a wand of digging (0/24) for 96 gold pieces
  4337 | D:9      | Noticed 4thArraOfDagon's ghost (novice DgWn)
  4505 | D:8      | Got a crystal falchion
  4508 | D:8      | Identified the +8 falchion of the Firefly {elec, rF+ MP+9 Str+2 Int+2} (You found it on level 8 of the Dungeon)
  4509 | D:8      | BLOAX: neat
  4509 | D:8      | 4thArraOfDagon: and suddenly amazing thing pops up
  4607 | D:9      | Reached skill level 1 in Long Blades
  4761 | D:9      | Found a staircase to the Lair.
  4871 | D:9      | BORING LEVEL
  4871 | D:9      | #REDHATCH HYPE
  4872 | D:10     | Entered Level 10 of the Dungeon
  4896 | D:10     | Voda: friendly ghost
  4901 | D:10     | Reached skill level 5 in Long Blades
  4970 | D:10     | Noticed Erica
  5100 | D:9      | Noticed Joseph
  5125 | D:9      | Killed Joseph
  5125 | D:9      | Reached XP level 10. HP: 72/78 MP: 15/15
  5224 | D:10     | Killed Erica
  5385 | D:11     | Found a flagged portal.
  5404 | Bailey   | Entered a bailey
  5546 | Bailey   | Noticed an orc knight
  5546 | Bailey   | Noticed an orc knight
  5547 | Bailey   | Noticed an orc knight
  5571 | Bailey   | Mangled by an orc warrior

Vault maps used:
D:1:      mrwooster_arrival_arrow, st_stairs_1
D:2:      grunt_dithmenos_smoke_and_mirrors, grunt_pakellas_basics,
          uniq_terence, uniq_natasha
D:3:      lemuel_crystal_altar, ashenzari_conservatory_becter, first_bread,
          minmay_door_square, lemuel_another_geyser
D:4:      kennysheep_mini, makhleb_altar_promises_db
D:5:      kennysheep_spiral_hall, tso_oasis_becter, vehumet_altar_wand_db,
          minmay_temple_entry_enclosed_plants
D:6:      nicolae_overflow_crystal_walls, zin_academy, st_stairs_1
D:7:      serial_glass, glass_columns_a, glass_columns_a,
          nicolae_ossuary_entry_monument, the_bakery
D:8:      lemuel_crystal_altar
D:9:      dpeg_lair_monsters, nicolae_for_you_no_charge, uniq_joseph
D:10:     hangedman_incinerator, uniq_erica
D:11:     orc_0_dummy, enter_bailey_3
Ossuary:  ossuary_tomb_2
Bailey:   bailey_polearm_1, bailey

Skill      XL: |  1  2  3  4  5  6  7  8  9 10 |
---------------+-------------------------------+-----
Fighting       | 2 3 4 |  4.2
Polearms       | 1 2 3 4 6 8 10 | 10.7
Dodging        | 1 2 |  2.1
Armour         | 2 3 |  3.0
Long Blades    | 6 8 |  8.1
Throwing       | |  1.0
Spellcasting   | |  1.7
Earth Magic    | |  1.0
Poison Magic   | |  1.7
Evocations     | |  1.0

Action                   |  1- 3 |  4- 6 |  7- 9 | 10-12 || total
-------------------------+-------+-------+-------+-------++-------
Melee: Spear             |    97 |   177 |    37 |       ||   311
       Halberd           |       |    46 |   225 |       ||   271
       Trident           |       |       |     1 |       ||     1
       Falchion          |       |       |    81 |    79 ||   160
 Fire: Hand crossbow     |     6 |    12 |       |       ||    18
Evoke: Wand              |       |     4 |    44 |       ||    48
  Use: Scroll            |     1 |     3 |    17 |     1 ||    22
       Potion            |       |     7 |    10 |     2 ||    19
 Stab: Sleeping          |     2 |       |       |     1 ||     3
       Invisible         |       |       |     1 |       ||     1
  Eat: Chunk             |       |     1 |     6 |     2 ||     9
       Bread ration      |       |     1 |       |       ||     1
       Fruit             |       |       |     3 |       ||     3
       Beef jerky        |       |       |     1 |       ||     1
       Royal jelly       |       |       |     1 |       ||     1
